 Dungeon Crawl Stone Soup version 0.28-a0-906-g0406aca7d3 (webtiles) character file.

Game seed: 8291303561108592329

2 siradein the Shooter (level 1, 12/12 HPs)
             Began as a Deep Elf Hunter on Nov 23, 2021.
             Quit the game on level 1 of the Dungeon.
             The game lasted 00:00:15 (64 turns).

siradein the Shooter (Deep Elf Hunter)                Turns: 64, Time: 00:00:15

Health: 12/12      AC:  3    Str:  9    XL:     1   Next: 33%
Magic:  3/3        EV: 12    Int: 15    God:
Gold:   18         SH:  0    Dex: 15    Spells: 0/0 levels left

rFire   . . .      SeeInvis .   a - +1 shortbow
rCold   . . .      Faith    .   (shield currently unavailable)
rNeg    . . .      Spirit   .   c - +0 leather armour
rPois   .          Reflect  .   (no helmet)
rElec   .          Harm     .   (no cloak)
rCorr   .          Rampage  .   (no gloves)
Will    .....                   (no boots)
Stlth   ++........              (no amulet)
HPRegen 0.04/turn               (no ring)
MPRegen 0.08/turn               (no ring)

@: no status effects
A: no striking features
a: no special abilities


You were on level 1 of the Dungeon.
You visited 1 branch of the dungeon, and saw 1 of its levels.

You collected 18 gold pieces.

Inventory:

Hand Weapons
 a - a +1 shortbow (weapon)
 b - a +0 short sword
Missiles
 d - 13 arrows (quivered ammo)
Armour
 c - a +0 leather armour (worn)


   Skills:
 + Level 1.6 Fighting
 + Level 5.3 Bows
 + Level 2.5 Dodging
 - Level 1.2 Stealth


You couldn't memorise any spells.
You didn't know any spells.
Your spell library was empty.

Dungeon Overview and Level Annotations

Branches:
Dungeon (1/15)

Altars:


Message History

Welcome, siradein the Deep Elf Hunter.
The marvelous Orb of Zot lies far below, as if waiting for you to find it.
Press ? for a list of commands and other information.
Found a staircase leading out of the dungeon.
Found a stone staircase leading down.
You open the door.
Found 17 stones.
There is an open door here.
You see here 17 stones.
You now have 18 gold pieces.
A hobgoblin comes into view.
You shoot an arrow.
The arrow hits the hobgoblin but does no damage.
You shoot an arrow. The arrow barely misses the hobgoblin.
You hear an angry hiss.
A ball python comes into view.
You shoot an arrow.
The arrow barely misses the ball python.
You shoot an arrow. The arrow hits the ball python.
The ball python is severely wounded.
The ball python bites you but does no damage.
The ball python misses you.
You shoot an arrow. The arrow hits the ball python.
You kill the ball python!
You shoot an arrow. The arrow hits the hobgoblin.
The hobgoblin is severely wounded.
You shoot an arrow. The arrow hits the hobgoblin.
You kill the hobgoblin!
No target in view!
No target in view!
A giant cockroach comes into view.
Things that are here:
an arrow; a hobgoblin corpse A giant cockroach is nearby!
A giant cockroach is nearby!
A giant cockroach is nearby!
Are you sure you want to abandon this character and quit the game? (Confirm with "yes".)

## ###
.############.#
..............#
.############.#
.#
##.########.#
.#
#....@(....(.
.#
##+#(P#####(#
.# ...PP.#
.######
...(♣♣P.#
......+ ....♣P
.P.. ..#####
....♣. .♣...
.^#### ... ♣♣
♣PB##. .....#
.. . .###.#


You could see a giant cockroach (asleep).

Vanquished Creatures
  A ball python (D:1)
  A hobgoblin (D:1)
2 creatures vanquished.

Notes
Turn   | Place    | Note
-------+----------+-------------------------------------------
     0 | D:1      | siradein the Deep Elf Hunter began the quest for the Orb.
     0 | D:1      | Reached XP level 1. HP: 12/12 MP: 3/3
    64 | D:1      | Quit the game

Illustrated notes

Levels and vault maps discovered:
D:1:      tarquinn_simple_flora_water_b, layout_basic, serial_forest,
          infiniplex_forest_straight_2, infiniplex_forest_clump_medium,
          infiniplex_forest_clump_small, infiniplex_forest_lined_room_3,
          infiniplex_forest_end_double, infiniplex_forest_end_1,
          infiniplex_forest_clump_diagonal, infiniplex_forest_straight_3,
          shapermc_ecumenical_altar_ellora, minmay_unequal

Action                   || total
-------------------------++-------
 Fire: Shortbow          ||     7
Armor: Leather armour    ||     1
Dodge: Dodged            ||     1

Table legend: (Time is in decaauts)
 A = Elapsed time spent in this place.
 B = Non-inter-level travel time spent in this place.
 C = Inter-level travel time spent in this place.
 D = Time resting spent in this place.
 E = Time spent auto-exploring this place.
 F = Levels seen in this place.
 G = Mean time per level.
                   A        B        C        D        E       F      G
               +--------+--------+--------+--------+--------+-----+--------+
         Total |     64 |     64 |      0 |      0 |     54 |   1 |   64.0 |
       Dungeon |     64 |     64 |      0 |      0 |     54 |   1 |   64.0 |
               +--------+--------+--------+--------+--------+-----+--------+

Top non-repeatable levels by time:
     D:1: 64 daAuts
